cohdb
Replays
Latest Replays
All Replays
Popular Replays
Top Player Replays
Match Explorer
How It Works
Community
CoH3 Stats
Reddit
Sign in to upload your games and track your stats! →
Sign in with Steam
Match 38682619
Unlisted
Match 38682619
Overview
Messages
Build Orders
End
Construct Infanterie Kompanie
MG 42 Machine Gun Team
GrW 34 Mortar Team
Selects Mechanized Battlegroup
Grenadier Squad
Construct Panzergrenadier Kompanie
Panzergrenadier Squad
Medical Station
Selects Spotting Scopes
Pak 40 Anti-tank Gun Team
Pioneer Squad
Selects Wespe Self-propelled Artillery
Wespe Self-propelled Artillery
Selects Raid Package
Construct Panzer Kompanie
Panzer IV Medium Tank
Panzergrenadier Squad
Pioneer Squad
Selects Zeroing Artillery Barrage
Selects StuG Assault Group
Selects UNKNOWN (2160084)
Zeroing Artillery Barrage
Panther Heavy Tank
Pioneer Squad
Erich
Holo
dauniy
[82AD] PaulVmax
la
Turtleboy
0
0
Comments
sign in to comment!
No comments posted yet!